 Dungeon Crawl Stone Soup version 0.30-a0-1116-gebefce21f7 (webtiles) character file.

Game seed: 1068942376703136557

31414 BlueFalcon the Cleaver (level 13, -2/73 HPs)
             Began as a Vine Stalker Monk on Apr 21, 2023.
             Was an Initiate of Gozag.
             Slain by a minotaur
             ... wielding the +5 demon whip "Spellbinder" {antimagic, disrupt, Will+}
              (21 damage)
             ... in a Gauntlet.
             The game lasted 00:43:21 (12673 turns).

BlueFalcon the Cleaver (Vine Stalker Monk)         Turns: 12673, Time: 00:43:21

Health: -2/73      AC: 15    Str: 24    XL:     13   Next: 58%
Magic:  0/20       EV: 12    Int: 12    God:    Gozag
Gold:   2281       SH:  9    Dex: 16    Spells: 13/20 levels left

rFire   . . .      SeeInvis .    a - +1 war axe (heavy)
rCold   . . .      Faith    .    s - +3 warlock's mirror {omnireflect}
rNeg    + . .      Spirit   +    H - +0 swamp dragon scales
rPois   +          Reflect  +    (no helmet)
rElec   .          Rampage  .    n - +2 cloak
rCorr   .          NoTele   +    S - +1 pair of gloves
Will    +....                    F - +1 pair of boots
Stlth   +                        (no amulet)
HPRegen 1.12/turn                p - +6 ring of strength
MPRegen 0.17/turn                L - ring of Igashrido {Wiz *Slow rN+ Slay+4}

@: mighty, hasted, very quick
A: fangs 3, regeneration 1, magic shield, antimagic bite, no potion heal 2
a: Renounce Religion, Potion Petition, Call Merchant, Bribe Branch


You were in a Gauntlet.
You worshipped Gozag.
Gozag was most pleased with you.
You visited 3 branches of the dungeon, and saw 17 of its levels.
You also visited: Ossuary and Gauntlet.

You collected 3289 gold pieces.
You spent 1008 gold pieces at shops.

Inventory:

Hand Weapons
 a - a +1 heavy war axe (weapon)
 b - a +3 hand axe of electrocution
 o - a +1 dagger of venom
 G - a +2 whip of freezing
Missiles
 w - 4 curare-tipped darts (quivered)
 R - 3 boomerangs
Armour
 d - an orb of light
 n - a +2 cloak (worn)
 s - the +3 warlock's mirror (worn) {omnireflect}
   (You acquired it on level 7 of the Dungeon)

   Omnireflect: It can block and reflect piercing ranged attacks and magical
   attacks against the wielder's willpower.
 F - a +1 pair of boots (worn)
 H - +0 swamp dragon scales (worn)
 S - a +1 pair of gloves (worn)
Jewellery
 e - a ring of resist corrosion
 p - a +6 ring of strength (left hand)
 A - a ring of positive energy
 E - a ring of poison resistance
 L - the ring of Igashrido (right hand) {Wiz *Slow rN+ Slay+4}
   (You bought it in a shop on level 3 of the Dungeon)

   [ring of wizardry]

   It improves your spell success rate.
   Slay:      It affects your accuracy & damage with ranged weapons and melee
   (+4).
   rN:        It protects you from negative energy.
   *Slow:     It may slow you when you take damage.
Wands
 I - a wand of digging (7)
 K - a wand of quicksilver (11)
 N - a wand of charming (3)
 O - a wand of flame (30)
 T - a wand of polymorph (4)
 U - a wand of iceblast (5)
Scrolls
 g - 2 scrolls of amnesia
 m - 3 scrolls of immolation
 r - 4 scrolls of teleportation
 u - 4 scrolls of magic mapping
 v - 2 scrolls of brand weapon
 y - a scroll of fog
 B - a scroll of blinking
 J - 2 scrolls of vulnerability
 M - a scroll of poison
 V - 3 scrolls of identify
Potions
 c - a potion of ambrosia
 h - 3 potions of cancellation
 i - 10 potions of curing
 j - 3 potions of lignification
 k - 6 potions of brilliance
 l - a potion of haste
 t - 2 potions of flight
 x - a potion of might
 C - 2 potions of resistance
 D - a potion of magic
Miscellaneous
 z - a tin of tremorstones (2/2)
 P - a phantom mirror
 Q - a lightning rod (4/4)


   Skills:
 - Level 10.8 Fighting
 - Level 14.6 Axes
 - Level 3.1 Armour
 - Level 4.0 Dodging
 - Level 7.0 Shields
 + Level 4.3 Spellcasting
 + Level 4.3 Summonings
 + Level 4.3 Translocations


You had 13 spell levels left.
You knew the following spells:

 Your Spells              Type           Power      Damage    Failure   Level
a - Blink                 Tloc           26%        N/A       4%          2
b - Summon Forest         Summ/Tloc      6%         N/A       56%         5

Your spell library contained the following spells:

 Spells                   Type           Power      Damage    Failure   Level
 Call Imp                 Summ           26%        N/A       4%          2
 Lesser Beckoning         Tloc           26%        N/A       4%          2
 Momentum Strike          Conj/Tloc      14%        3d8       11%         2
 Freeze                   Ice            8%         1d3       16%         1
 Magic Dart               Conj           8%         1d3       16%         1
 Shock                    Conj/Air       8%         1d3       16%         1
 Vhi's Electric Charge    Tloc/Air       14%        N/A       21%         3
 Passwall                 Tmut/Erth      1%         N/A       24%         2
 Poisonous Vapours        Pois/Air       4%         N/A       24%         2
 Frozen Ramparts          Ice            4%         1d1       43%         3
 Hailstorm                Conj/Ice       2%         3d3       43%         3
 Ignite Poison            Fire/Tmut/Pois 2%         N/A       43%         3
 Mephitic Cloud           Conj/Pois/Air  2%         N/A       43%         3
 Swiftness                Air            2%         N/A       43%         3
 Summon Lightning Spire   Summ/Air       7%         N/A       52%         4
 Airstrike                Air            1%         2d(1-17)  82%         4
 Anguish                  Hex/Necr       1%         N/A       82%         4
 Cause Fear               Hex            1%         N/A       82%         4
 Ice Form                 Ice/Tmut       2%         N/A       82%         4
 Olgreb's Toxic Radiance  Pois           2%         N/A       82%         4
 Sticky Flame             Conj/Fire      2%         2d3       82%         4
 Arcjolt                  Conj/Air       1%         1d11      98%         5
 Eringya's Noxious Bog    Tmut/Pois      1%         N/A       100%        6
 Iron Shot                Conj/Erth      1%         9d1       100%        6
 Plasma Beam              Fire/Air       1%         2x1d12    100%        6
 Starburst                Conj/Fire      1%         6d3       100%        6
 Dragon Form              Tmut           1%         N/A       100%        7
 Enfeeble                 Hex            1%         N/A       100%        7
 Malign Gateway           Summ/Tloc      6%         N/A       100%        7
 Spellforged Servitor     Conj/Summ      3%         N/A       100%        7
 Storm Form               Tmut/Air       1%         N/A       100%        7
 Maxwell's Capacitive Co  Air            1%         ∞         100%        8
 Summon Horrible Things   Summ           6%         N/A       100%        8
 Dragon's Call            Summ           6%         N/A       100%        9
 Simulacrum               Ice/Necr       Unusable   N/A       N/A         6

Dungeon Overview and Level Annotations

Branches:
Dungeon (14/15)            Temple (1/1) D:4            Lair (2/5) D:9
 Shoals (0/4) Lair:2          Orc (0/2) D:12        Ossuary (visited)
Gauntlet (1/1)
  Snake: Lair:2-3    Spider: Lair:2-3    Vaults: D:13-14

Altars:
Ashenzari
Cheibriados
Dithmenos
Elyvilon
Fedhas
Gozag
Hepliaklqana
Kikubaaqudgha
Makhleb
Nemelex Xobeh
Okawaru
Qazlal
Ru
Sif Muna
Trog
Uskayaw
Vehumet
Wu Jian
Xom
Yredelemnul
Zin
The Shining One

Shops:
D:3 =   D:4 (

Annotations:
D:9 exclusion: obsidian statue
D:10 2 runed translucent doors
Lair:2 1 runed translucent door Gauntlet 7 transporters, 6 runed translucent doors, exclusion: obsidian statue


Innate Abilities, Weirdness & Mutations

You have razor-sharp teeth.
Your natural rate of healing is unusually fast.
When hurt, damage is shared between your health and your magic reserves.
Your bite disrupts and absorbs the magic of your enemies.
Potions cannot restore your health.


Message History

Found a ring of fire and a plate armour.
You feel yourself speed up.
You feel very mighty all of a sudden.
The minotaur throws a javelin.
The javelin pierces through you!
Found a pair of embroidered boots and a polished scale mail.
Found a gate leading back out of this place.
The minotaur hits you with the +5 demon whip "Spellbinder" {antimagic, disrupt, Will+}!!
You feel your power leaking away.
You shiver with cold!
The minotaur gores you but does no damage.
There is an open door, spattered with blood here.
The minotaur blocks your attack.
You bite the minotaur. You drain its power.
You feel invigorated.
The minotaur is lightly wounded.
The minotaur blocks your attack. x2
The minotaur is lightly wounded.
The minotaur drinks a potion.
The minotaur suddenly seems more resistant.
You hit the minotaur.
The minotaur is lightly wounded.
The minotaur misses you. The minotaur gores you.
The minotaur blocks your attack.
Your bite misses the minotaur.
The minotaur is lightly wounded.
You block the minotaur's attack.
The minotaur gores you but does no damage.
You slice the minotaur!! The minotaur blocks your attack.
The minotaur is heavily wounded.
You block the minotaur's attack. The minotaur gores you!
You slash the minotaur! The minotaur blocks your attack.
The minotaur is heavily wounded.
The minotaur blocks your attack.
Your bite misses the minotaur.
The minotaur is heavily wounded.
The minotaur misses you. The minotaur gores you!
* * * LOW HITPOINT WARNING * * *
The minotaur blocks your attack.
You bite the minotaur! You drain its power.
You feel invigorated.
The minotaur is severely wounded.
The minotaur hits you with the +5 demon whip "Spellbinder" {antimagic, disrupt, Will+}!!!
You die...
Your body crumbles into a pile of gold.

#≈8≈#..#....$
########...#..#....©
#........8.####....$
##.##.###.....©#t....
#8........8.####b....
#.....#.#...#..#...$©
########.#.#.8.#..######
8[8=8.8#...#...#≈.......
∩.....H@.###.8.#∩.......
8[8[8.8#...#...#≈.......
########.#.#.8.#..######
#.....#.#...#..#..zzz
#8........8.####^#^zz
##.##.###.....©#.#^#.
#........8.####...##
########...#..#.#..©
8≈#..#^#^#.


You could see a minotaur (resistant).

Vanquished Creatures
  Snorg (D:10)
  Josephine (D:13)
  A hydra (D:10)
  A hell beast (Gauntlet)
  A boulder beetle (Lair:2)
  2 two-headed ogres
  5 death yaks (Lair:1)
  Lodul (D:10)
  A wizard (D:10)
  A deep elf pyromancer (D:14)
  Pikel (D:6)
  A cyclops (D:12)
  2 manticores
  A moth of wrath (Gauntlet)
  7 centaur zombies (D:10)
  3 gargoyles
  Joseph (D:8)
  Maggie (D:8)
  3 cane toads
  2 komodo dragons (Lair:1)
  Psyche (D:8)
  3 unseen horror zombies (D:10)
  A troll (D:11)
  A meliai (D:10)
  A hornet (D:10)
  Prince Ribbit (D:8)
  A wind drake (Lair:2)
  2 slime creatures (D:10)
  6 wraiths
  3 shadows
  7 wyverns
  15 yaks
  A vampire (D:12)
  5 fire bats (Gauntlet)
  3 steam dragons
  2 basilisks (Lair:1)
  A vampire mosquito (D:10)
  3 acid dragons
  10 water moccasins
  A hell hound (Gauntlet)
  3 orc warriors
  A sky beast (D:5)
  5 black bears
  3 ice beasts
  4 centaurs
  9 ogres
  9 wolves
  A lemure (D:6)
  A phantom (D:4)
  4 elf zombies (Ossuary)
  A gnoll sergeant (D:12)
  3 kobold brigands
  2 bullfrogs
  5 scorpions
  7 wights
  5 killer bees
  3 howler monkeys
  4 hounds
  A jelly (D:7)
  6 orc priests
  A human zombie (Ossuary)
  3 iguanas
  12 orc wizards
  A hell rat (Lair:1)
  A hound zombie (Ossuary)
  4 mummies (Ossuary)
  A howler monkey zombie (D:10)
  12 gnolls
  6 adders
  5 white imps
  2 ufetubi (D:6)
  An adder zombie (Ossuary)
  2 worms
  A dart slug (D:3)
  26 orcs
  6 ball pythons
  8 endoplasms
  3 giant cockroaches
  39 hobgoblins
  8 jackals (D:1)
  7 quokkas
  7 bats
  3 frilled lizards
  32 goblins
  2 hobgoblin zombies (Ossuary)
  A jackal zombie (Ossuary)
  28 kobolds
  2 kobold zombies (Ossuary)
  6 rats
  A rat zombie (Ossuary)
413 creatures vanquished.

Vanquished Creatures (collateral kills)
  An ugly thing (D:10)
  A gnoll (D:3)
  A goblin (D:3)
3 creatures vanquished.

Vanquished Creatures (others)
  A bullfrog (D:7)
  10 demonic plants (Gauntlet)
  4 fungi
  12 plants
27 creatures vanquished.

Grand Total: 443 creatures vanquished

Notes
Turn   | Place    | Note
-------+----------+-------------------------------------------
     0 | D:1      | BlueFalcon the Vine Stalker Monk began the quest for the
                  | Orb.
     0 | D:1      | Reached XP level 1. HP: 11/11 MP: 2/2
   105 | D:2      | Reached XP level 2. HP: 16/16 MP: 3/3
   107 | D:2      | Reached skill level 3 in Axes
   256 | D:1      | Reached XP level 3. HP: 19/19 MP: 4/4
   703 | D:1      | Reached skill level 1 in Armour
  1018 | D:2      | Gained mutation: Your natural rate of healing is unusually
                  | fast. [Vine Stalker growth]
  1018 | D:2      | Reached XP level 4. HP: 21/24 MP: 2/5
  1726 | D:4      | Found a staircase to the Ecumenical Temple.
  1735 | Temple   | Entered the Ecumenical Temple
  1930 | D:4      | Found a sand-covered staircase.
  1937 | Ossuary  | Entered an ossuary
  1947 | Ossuary  | Reached XP level 5. HP: 28/28 MP: 6/6
  1950 | Ossuary  | Reached skill level 4 in Axes
  1952 | Ossuary  | Reached XP level 6. HP: 33/33 MP: 5/7
  2108 | Ossuary  | Reached XP level 7. HP: 37/37 MP: 8/8
  2497 | D:3      | Reached skill level 5 in Axes
  2870 | D:3      | Found Mejesche's Jewellery Emporium.
  3285 | D:4      | Found Iroamiut's Antique Weapon Emporium.
  3551 | D:4      | Gained mutation: You have razor-sharp teeth. [Vine Stalker
                  | growth]
  3551 | D:4      | Reached XP level 8. HP: 33/42 MP: 5/9
  3776 | D:5      | Entered Level 5 of the Dungeon
  3872 | D:5      | Found an opulent altar of Gozag.
  3885 | D:5      | Became a worshipper of Gozag Ym Sagoz the Greedy
  3909 | D:5      | Reached skill level 6 in Axes
  3999 | D:5      | Found an ornate altar of the Wu Jian Council.
  4000 | D:5      | Found a sparkling altar of Nemelex Xobeh.
  4047 | D:5      | Reached skill level 5 in Fighting
  4166 | D:4      | Bought a runed hand axe for 132 gold pieces
  4166 | D:4      | Bought a runed war axe for 143 gold pieces
  4381 | D:5      | Reached skill level 7 in Axes
  4634 | D:6      | Found a shimmering altar of Xom.
  4648 | D:6      | Noticed Pikel
  4657 | D:6      | Killed Pikel
  4658 | D:6      | Reached XP level 9. HP: 46/48 MP: 10/10
  4776 | D:7      | Reached skill level 8 in Axes
  5510 | D:6      | Found a hide-covered altar of Uskayaw.
  5650 | D:7      | Reached skill level 9 in Axes
  5737 | D:7      | Found an iron altar of Okawaru.
  5838 | D:8      | Noticed Maggie
  5855 | D:8      | Killed Maggie
  5856 | D:8      | Reached XP level 10. HP: 33/55 MP: 9/11
  5932 | D:7      | Reached skill level 10 in Axes
  6020 | D:7      | Found a radiant altar of Vehumet.
  6100 | D:7      | Identified a scroll of acquirement
  6100 | D:7      | Acquired the +3 warlock's mirror {omnireflect}
  6100 | D:7      | Found the +3 warlock's mirror {omnireflect}
  6319 | D:7      | Found a glowing golden altar of the Shining One.
  6506 | D:8      | Reached skill level 1 in Shields
  6576 | D:8      | Noticed Psyche
  6581 | D:8      | Killed Psyche
  6707 | D:8      | Noticed Prince Ribbit
  6731 | D:8      | Killed Prince Ribbit
  6771 | D:8      | Reached skill level 5 in Shields
  6804 | D:8      | Noticed Joseph
  6816 | D:8      | Killed Joseph
  6899 | D:8      | Found an ancient bone altar of Kikubaaqudgha.
  6993 | D:8      | Found a blossoming altar of Fedhas.
  7225 | D:9      | Found a hazy altar of Hepliaklqana.
  7275 | D:10     | Entered Level 10 of the Dungeon
  7298 | D:10     | Reached XP level 11. HP: 52/59 MP: 10/12
  7375 | D:9      | Noticed an obsidian statue
  7477 | D:9      | Noticed a two-headed ogre
  7492 | D:9      | Killed a two-headed ogre
  7517 | D:9      | Found a stormy altar of Qazlal.
  7559 | D:9      | Reached skill level 11 in Axes
  7574 | D:9      | Found a staircase to the Lair.
  7852 | D:3      | Bought the ring of Igashrido {Wiz *Slow rN+ Slay+4} for 733
                  | gold pieces
  8466 | D:10     | Noticed Snorg
  8478 | D:10     | Killed Snorg
  8624 | D:10     | Noticed Lodul
  8720 | D:10     | Killed Lodul
  8783 | D:10     | Reached skill level 12 in Axes
  8924 | D:10     | Reached XP level 12. HP: 65/66 MP: 11/13
  8933 | D:10     | Found a basalt altar of Yredelemnul.
  9239 | D:10     | Noticed a two-headed ogre
  9249 | D:10     | Killed a two-headed ogre
  9275 | D:10     | Found a runed translucent door.
  9276 | D:10     | Found a runed translucent door.
  9276 | D:10     | Noticed a centaur warrior
  9436 | D:10     | Found a sacrificial altar of Ru.
  9580 | D:10     | Noticed a seven-headed hydra
  9593 | D:10     | Killed a seven-headed hydra
  9594 | D:10     | Reached skill level 13 in Axes
  9731 | D:10     | Identified the +6 short sword "Jigist" {venom, rPois rF+
                  | Int+3}
  9751 | D:10     | Got the Omnibus of Infection
  9768 | D:10     | Got the Book of Combined Metal
  9775 | D:10     | Got the Dissertation on the Atmospheric Sun
  9935 | D:10     | Reached skill level 10 in Fighting
 10036 | D:10     | Learned a level 2 spell: Blink
 10042 | D:10     | Learned a level 5 spell: Summon Forest
 10894 | D:12     | Reached skill level 14 in Axes
 11119 | D:13     | Noticed Josephine
 11142 | D:13     | Killed Josephine
 11165 | D:14     | Reached XP level 13. HP: 53/72 MP: 14/14
 11220 | D:12     | Found a staircase to the Orcish Mines.
 11509 | Lair:1   | Entered Level 1 of the Lair of Beasts
 11572 | Lair:1   | Reached skill level 1 in Spellcasting
 11572 | Lair:1   | Reached skill level 1 in Summonings
 11572 | Lair:1   | Reached skill level 1 in Translocations
 12080 | Lair:2   | Found a staircase to the Shoals.
 12095 | Lair:2   | Found a runed translucent gate.
 12111 | Lair:2   | Found a gate leading to a gauntlet.
 12121 | Gauntlet | Entered a Gauntlet
 12121 | Gauntlet | Found a transporter.
 12121 | Gauntlet | Found a transporter.
 12125 | Gauntlet | Found a transporter.
 12125 | Gauntlet | Found a transporter.
 12151 | Gauntlet | Found a transporter.
 12151 | Gauntlet | Found a transporter.
 12168 | Gauntlet | Found a transporter.
 12194 | Gauntlet | Found a transporter.
 12198 | Gauntlet | Found a large runed translucent door.
 12199 | Gauntlet | Found a large runed translucent door.
 12200 | Gauntlet | Found a large runed translucent door.
 12200 | Gauntlet | Found a large runed translucent door.
 12200 | Gauntlet | Found a large runed translucent door.
 12201 | Gauntlet | Found a runed translucent door.
 12227 | Gauntlet | Found a transporter.
 12259 | Gauntlet | Found a transporter.
 12340 | Gauntlet | Found a transporter.
 12410 | Gauntlet | Found a transporter.
 12412 | Gauntlet | Found a transporter.
 12658 | Gauntlet | Identified the +4 scale mail of the Cartwright {Dex+3}
 12658 | Gauntlet | Noticed a minotaur
 12673 | Gauntlet | Slain by a minotaur

Illustrated notes

Levels and vault maps discovered:
D:1:      amcnicky_arrival_flooded_fountain, layout_basic, st_stairs_7,
          chequers_serial_rivers_small_b, minmay_curled_crystal,
          wad_floor_pattern_2, minmay_tall_x
D:2:      layout_basic
D:3:      minmay_goblin_kobold_castle, layout_rooms, serial_shops, shop,
          eino_tiny_chamber
D:4:      layout_rooms, minmay_temple_entry_stoned_glass, enter_ossuary_2,
          serial_shops, shop, kennysheep_generic_room_2
D:5:      layout_loops_cross, grunt_gozag_statues, nicolae_overflow_squiral,
          nicolae_figureground_sparkle
D:6:      layout_loops_ring, xom_teletrap_fun, mainiacjoe_overflow_alcove_2,
          nrook_loot_triangle, hellmonk_bongcloud_opening, uniq_pikel
D:7:      layout_loops_ring, okawaru_altar_gauntlet_db,
          mainiacjoe_overflow_small_starburst, nicolae_tso_swordbearing_angel
D:8:      layout_cave_pools, mainiacjoe_overflow_24_doors,
          kiku_gazebo_garden_becter, uniq_joseph, uniq_maggie,
          uniq_prince_ribbit1, uniq_psyche
D:9:      layout_long_grid, mainiacjoe_overflow_concentric_impassable,
          mainiacjoe_overflow_brackets, minmay_lair_entry_grove,
          minmay_statue_bubble
D:10:     minmay_the_grid_triangle_9x9_recursive_2
          [minmay_the_grid_triangle_9x9_prize_schism,
          minmay_the_grid_triangle_9x9_cache,
          minmay_the_grid_triangle_9x9_tough_junction,
          minmay_the_grid_triangle_9x9_odd_lines], layout_grid_maze,
          nicolae_yredelemnul_corpse_copse, nicolae_ru_great_annihilating_truth,
          uniq_snorg, uniq_lodul
D:11:     layout_rooms
D:12:     layout_roguey, orc_0_dummy
D:13:     layout_loops_ring, uniq_josephine
D:14:     minmay_stepped, layout_cave_pools, skrybe_vaults_entry_preservation,
          chequers_serial_rivers_small_a
Temple:   nicolae_temple_two_arcs
Lair:1:   layout_hall_layers, nzn_random_ring, uniq_sonja
Lair:2:   layout_regular_city, minmay_shoals_entry_beasts, gammafunk_ghost_ooze,
          gauntlet_entry_generic, disabler_island
Gauntlet: gammafunk_gauntlet_branching [gammafunk_gauntlet_arena_mazey,
          nicolae_gauntlet_arena_t_cross, nicolae_gauntlet_arena_blocks,
          gammafunk_gauntlet_arena_hedges, gammafunk_gauntlet_arena_spirals,
          minmay_gauntlet_arena_make_your_own_arena,
          gammafunk_gauntlet_arena_open, nicolae_gauntlet_arena_grate_2,
          nicolae_gauntlet_exit_dead_adventurers]

Skill      XL: |  1  2  3  4  5  6  7  8  9 10 11 12 13 |
---------------+----------------------------------------+-----
Axes           | 3 4 5 7 9 10 12 14 | 14.6
Fighting       | 3 4 5 7 9 10 | 10.8
Armour         | 1 2 3 |  3.1
Dodging        | 3 4 |  4.0
Shields        | 7 |  7.0
Spellcasting   | 4 |  4.3
Summonings     | 4 |  4.3
Translocations | 4 |  4.3

Action                     |  1- 3 |  4- 6 |  7- 9 | 10-12 | 13-15 || total
---------------------------+-------+-------+-------+-------+-------++-------
  Melee: Hand axe          |    73 |    36 |   287 |    49 |       ||   445
         Bite              |    20 |    12 |   109 |   112 |    35 ||   288
         War axe           |       |       |     6 |   290 |    88 ||   384
         Dagger            |       |       |    14 |       |       ||    14
         Whip              |       |       |       |     9 |       ||     9
  Throw: Dart              |       |       |       |    17 |     5 ||    22
    Use: Scroll            |     9 |     1 |    11 |     9 |     3 ||    33
         Potion            |       |     1 |       |       |     4 ||     5
   Stab: Paralysed         |       |       |     1 |       |       ||     1
         Distracted        |       |       |       |     3 |       ||     3
         Invisible         |       |       |       |       |     6 ||     6
         Petrifying        |       |       |       |       |     1 ||     1
 Armour: Robe              |    11 |       |       |       |       ||    11
         Leather armour    |     1 |     5 |       |       |       ||     6
         Ring mail         |       |     5 |    93 |       |       ||    98
         Swamp dragon scal |       |       |       |   182 |    31 ||   213
  Dodge: Dodged            |    75 |    29 |   195 |   231 |    53 ||   583
  Block: Buckler           |       |       |       |   186 |    43 ||   229
         Reflection        |       |       |       |    11 |     3 ||    14

Table legend: (Time is in decaauts)
 A = Elapsed time spent in this place.
 B = Non-inter-level travel time spent in this place.
 C = Inter-level travel time spent in this place.
 D = Time resting spent in this place.
 E = Time spent auto-exploring this place.
 F = Levels seen in this place.
 G = Mean time per level.
                   A        B        C        D        E       F      G
               +--------+--------+--------+--------+--------+-----+--------+
         Total |  12820 |  11917 |    903 |    472 |   7579 |  19 |  674.7 |
       Dungeon |  11198 |  10315 |    883 |    104 |   6981 |  14 |  799.9 |
        Temple |    116 |    110 |      6 |      0 |    106 |   1 |  116.0 |
          Lair |    611 |    598 |     13 |     14 |    370 |   2 |  305.5 |
       Ossuary |    334 |    334 |      0 |    141 |     77 |   1 |  334.0 |
      Gauntlet |    558 |    558 |      0 |    213 |     44 |   1 |  558.0 |
               +--------+--------+--------+--------+--------+-----+--------+

Top non-repeatable levels by time:
    D:10: 1681 daAuts
     D:3: 1107 daAuts
     D:9: 1069 daAuts
     D:7: 1056 daAuts
     D:1: 963 daAuts
     D:6: 880 daAuts
     D:5: 780 daAuts
    D:12: 775 daAuts
     D:4: 774 daAuts
     D:8: 743 daAuts
     D:2: 683 daAuts
    D:11: 604 daAuts
Gauntlet: 558 daAuts
  Lair:1: 391 daAuts
 Ossuary: 334 daAuts
